[Event "Summer Prague Open A 2020"]
[Site "Prague"]
[Date "2020.08.12"]
[Round "6.11"]
[White "Schernthaner, David"]
[Black "Schnider, Gert"]
[Result "1/2-1/2"]
[ECO "C78"]
[WhiteElo "2220"]
[BlackElo "2423"]
[Annotator "ChessBase"]
[PlyCount "42"]
[EventDate "2020.08.08"]
[EventCountry "CZE"]
[SourceTitle "playchess.com"]
[Source "ChessBase"]
[SourceQuality "1"]
[TimeControl "40/5400+30:1800+30"]

1. e4 e5 2. Nf3 Nc6 3. Bb5 a6 4. Ba4 Nf6 5. O-O Bc5 6. c3 O-O 7. d4 Ba7 8. dxe5 Nxe4 9. Bc2 d5 10. exd6 Nxd6 11. Bg5 f6 12. Bf4 g5 13. Bxd6 cxd6 14. Nd4 Nxd4 15. cxd4 Qb6 16. Nc3 Be6 17. Qd3 Qc7 18. d5 Bg4 19. Qg3 Bh5 20. Rac1 Rae8 21. Bf5 Re5 1/2-1/2

[Event "Summer Prague Open A 2020"]
[Site "Prague"]
[Date "2020.08.12"]
[Round "6.12"]
[White "Simek, Petr"]
[Black "Mueer, Sebastian"]
[Result "1-0"]
[ECO "E62"]
[WhiteElo "2344"]
[BlackElo "2210"]
[Annotator "ChessBase"]
[PlyCount "97"]
[EventDate "2020.08.08"]
[EventCountry "CZE"]
[SourceTitle "playchess.com"]
[Source "ChessBase"]
[SourceQuality "1"]
[TimeControl "40/5400+30:1800+30"]

1. c4 Nf6 2. Nc3 g6 3. Nf3 Bg7 4. d4 O-O 5. g3 d6 6. Bg2 c6 7. O-O Qa5 8. e4 e5 9. h3 Nbd7 10. Re1 exd4 11. Nxd4 Ne5 12. Bf1 Be6 13. Nxe6 fxe6 14. Kg2 Rad8 15. f4 Nf7 16. Bd2 Qc7 17. Bd3 e5 18. Qc2 exf4 19. gxf4 Nh5 20. Rf1 g5 21. fxg5 d5 22. Ne2 d4 23. c5 Kh8 24. Rf5 Ne5 25. Raf1 Ng6 26. Be1 Be5 27. Qc4 Qe7 28. Kh1 Ng7 29. h4 Nxf5 30. exf5 Nf4 31. Nxf4 Bxf4 32. Bf2 Qe5 33. Kg2 Rfe8 34. Re1 Be3 35. Bg3 Qd5+ 36. Qxd5 Rxd5 37. Bd6 b5 38. Kf3 Rd8 39. b3 h6 40. Kg4 Kg8 41. Be4 R8xd6 42. cxd6 Rxd6 43. f6 Kf8 44. Rf1 hxg5 45. hxg5 d3 46. g6 Rd4 47. Kf5 d2 48. Rh1 Ke8 49. g7 1-0

[Event "Summer Prague Open A 2020"]
[Site "Prague"]
[Date "2020.08.12"]
[Round "6.13"]
[White "Malassagne, Raphael"]
[Black "Mukashev, Assan"]
[Result "1-0"]
[ECO "A45"]
[WhiteElo "2305"]
[BlackElo "2207"]
[Annotator "ChessBase"]
[PlyCount "63"]
[EventDate "2020.08.08"]
[EventCountry "CZE"]
[SourceTitle "playchess.com"]
[Source "ChessBase"]
[SourceQuality "1"]
[TimeControl "40/5400+30:1800+30"]

1. d4 Nf6 2. Bf4 d5 3. e3 e6 4. Nd2 c5 5. c3 Nc6 6. Ngf3 Bd6 7. Bg3 O-O 8. Bd3 b6 9. e4 dxe4 10. Nxe4 Nxe4 11. Bxe4 Bb7 12. Qa4 Na5 13. dxc5 Bxc5 14. Rd1 Qe8 15. Bxh7+ Kxh7 16. Qh4+ Kg8 17. Ng5 Be4 18. Qxe4 f5 19. Qd3 Qh5 20. Nf3 g5 21. Bc7 Rf7 22. Bd8 Nb7 23. Bxg5 e5 24. Qd5 Re8 25. h4 Bd6 26. Qc6 Rc7 27. Qd5+ Kh7 28. O-O e4 29. Qxf5+ Kg8 30. g4 Qh8 31. Qg6+ Kf8 32. Rxd6 1-0

[Event "Summer Prague Open A 2020"]
[Site "Prague"]
[Date "2020.08.12"]
[Round "6.14"]
[White "Kratochvil, Vit"]
[Black "Froeyman, Helmut"]
[Result "1/2-1/2"]
[ECO "A10"]
[WhiteElo "2205"]
[BlackElo "2281"]
[Annotator "ChessBase"]
[PlyCount "46"]
[EventDate "2020.08.08"]
[EventCountry "CZE"]
[SourceTitle "playchess.com"]
[Source "ChessBase"]
[SourceQuality "1"]
[TimeControl "40/5400+30:1800+30"]

1. c4 f5 2. Nf3 Nf6 3. g3 g6 4. b3 Bg7 5. Bb2 O-O 6. Bg2 d6 7. d4 c6 8. O-O e5 9. dxe5 Ng4 10. Qc2 Nxe5 11. Rd1 Qe7 12. Nc3 Na6 13. Ba3 Rd8 14. e3 Be6 15. Rd2 Rd7 16. Rad1 Rad8 17. Nd4 Nc5 18. h3 a5 19. Nxe6 Nxe6 20. f4 Nf7 21. e4 fxe4 22. Nxe4 c5 23. Bb2 Nd4 1/2-1/2

[Event "Summer Prague Open A 2020"]
[Site "Prague"]
[Date "2020.08.12"]
[Round "6.15"]
[White "Dietz, Florian"]
[Black "Vorisek, Jakub"]
[Result "1-0"]
[ECO "B35"]
[WhiteElo "2262"]
[BlackElo "2205"]
[Annotator "ChessBase"]
[PlyCount "109"]
[EventDate "2020.08.08"]
[EventCountry "CZE"]
[SourceTitle "playchess.com"]
[Source "ChessBase"]
[SourceQuality "1"]
[TimeControl "40/5400+30:1800+30"]

1. e4 c5 2. Nf3 Nc6 3. d4 cxd4 4. Nxd4 g6 5. Nc3 Bg7 6. Be3 Nf6 7. Bc4 Qa5 8. O-O O-O 9. Bb3 d6 10. h3 Bd7 11. Re1 Rac8 12. Nd5 Rfe8 13. Nxc6 bxc6 14. Nxf6+ Bxf6 15. c3 c5 16. Qe2 Bb5 17. Qg4 c4 18. a4 cxb3 19. axb5 Qxb5 20. Rxa7 Ra8 21. Qd7 Qxd7 22. Rxd7 Ra2 23. Rb1 Rb8 24. Rc7 Ra4 25. f3 Kf8 26. Kf1 Ke8 27. Ke2 Kd8 28. Ra7 Rxa7 29. Bxa7 Rb7 30. Be3 Kd7 31. Kd3 Kc6 32. Ra1 Kb5 33. Ra3 Kc6 34. Kc4 e6 35. Ra6+ Kc7 36. Ra4 Kc6 37. Rb4 d5+ 38. Kxb3 Rxb4+ 39. Kxb4 Be7+ 40. Ka5 dxe4 41. fxe4 f5 42. e5 Kb7 43. Kb5 g5 44. c4 h5 45. c5 f4 46. c6+ Kc8 47. Bf2 Bf8 48. b4 Bg7 49. Bd4 g4 50. Kc4 f3 51. hxg4 fxg2 52. gxh5 Bxe5 53. Bg1 Kc7 54. b5 Bg7 55. Kd3 1-0

[Event "Summer Prague Open A 2020"]
[Site "Prague"]
[Date "2020.08.12"]
[Round "6.16"]
[White "Marakovits, Nico"]
[Black "Sprenar, Petr"]
[Result "1/2-1/2"]
[ECO "D35"]
[WhiteElo "2105"]
[BlackElo "2257"]
[Annotator "ChessBase"]
[PlyCount "62"]
[EventDate "2020.08.08"]
[EventCountry "CZE"]
[SourceTitle "playchess.com"]
[Source "ChessBase"]
[SourceQuality "1"]
[TimeControl "40/5400+30:1800+30"]

1. d4 e6 2. c4 Nf6 3. Nc3 d5 4. cxd5 exd5 5. Bg5 c6 6. e3 Nbd7 7. Qc2 Be7 8. Bd3 h6 9. Bh4 Nh5 10. Bxe7 Qxe7 11. O-O-O Nb6 12. Nf3 Bg4 13. Kb1 Bxf3 14. gxf3 O-O-O 15. Na4 Nxa4 16. Qxa4 Kb8 17. Rdg1 Qh4 18. Qc2 g6 19. Rg4 Qf6 20. f4 Ng7 21. f5 h5 22. Rg3 h4 23. Rg4 gxf5 24. Rf4 Rh5 25. Rg1 Rg5 26. Rxg5 Qxg5 27. h3 Qg1+ 28. Qc1 Qg5 29. Qc2 Qg1+ 30. Qc1 Qg5 31. Qc2 Qg1+ 1/2-1/2

[Event "Summer Prague Open A 2020"]
[Site "Prague"]
[Date "2020.08.12"]
[Round "6.17"]
[White "Skalsky, Alexandr"]
[Black "Ludvik, Tomas"]
[Result "0-1"]
[ECO "C17"]
[WhiteElo "2156"]
[BlackElo "2202"]
[Annotator "ChessBase"]
[PlyCount "131"]
[EventDate "2020.08.08"]
[EventCountry "CZE"]
[SourceTitle "playchess.com"]
[Source "ChessBase"]
[SourceQuality "1"]
[TimeControl "40/5400+30:1800+30"]

1. e4 e6 2. d4 d5 3. Nc3 Bb4 4. e5 c5 5. Bd2 Ne7 6. a3 Bxc3 7. Bxc3 b6 8. Bb5+ Kf8 9. Bd3 Ba6 10. f4 Bxd3 11. Qxd3 Nbc6 12. Nf3 Nf5 13. O-O h5 14. b4 cxd4 15. Bxd4 Rc8 16. c3 g6 17. Rac1 Kg7 18. Rc2 Qd7 19. Rfc1 Nce7 20. Qd1 Rc4 21. g3 Rhc8 22. Rd2 Nxd4 23. Nxd4 Rxc3 24. Ra1 a6 25. g4 hxg4 26. Qxg4 Nc6 27. Ne2 Rc4 28. Ng3 Nxe5 29. Qe2 f6 30. fxe5 f5 31. Rad1 Qc7 32. Rd3 f4 33. Nf1 Re4 34. Qxe4 dxe4 35. Rd7+ Kh6 36. Rxc7 Rxc7 37. Re1 e3 38. Nxe3 fxe3 39. Rxe3 Kg5 40. Kg2 Kf4 41. Rg3 g5 42. Rd3 Rc2+ 43. Kg1 Kxe5 44. Re3+ Kf5 45. Rd3 Ra2 46. Rd6 Rxa3 47. Rxb6 e5 48. b5 axb5 49. Rxb5 Kf4 50. Rb8 Ra1+ 51. Kf2 Ra2+ 52. Kg1 e4 53. Rf8+ Ke3 54. Rg8 Kf3 55. Rf8+ Kg4 56. Re8 Re2 57. Rh8 Rd2 58. Re8 Kf3 59. Rf8+ Ke2 60. Rf2+ Kd3 61. Rf5 e3 62. Rd5+ Ke4 63. Rxg5 Rd1+ 64. Kg2 e2 65. Rg8 e1=Q 66. Re8+ 0-1

[Event "Summer Prague Open A 2020"]
[Site "Prague"]
[Date "2020.08.12"]
[Round "6.18"]
[White "Syrkiewicz, Michal"]
[Black "Defromont, Benjamin"]
[Result "0-1"]
[ECO "B76"]
[WhiteElo "1911"]
[BlackElo "2236"]
[Annotator "ChessBase"]
[PlyCount "68"]
[EventDate "2020.08.08"]
[EventCountry "CZE"]
[SourceTitle "playchess.com"]
[Source "ChessBase"]
[SourceQuality "1"]
[TimeControl "40/5400+30:1800+30"]

1. e4 c5 2. Nf3 d6 3. d4 cxd4 4. Nxd4 Nf6 5. Nc3 g6 6. Be3 Bg7 7. f3 O-O 8. Qd2 Nc6 9. g4 Be6 10. Nxe6 fxe6 11. O-O-O Ne5 12. Be2 Rc8 13. h4 Nfd7 14. f4 Nc4 15. Bxc4 Rxc4 16. e5 Qa5 17. exd6 Bxc3 18. bxc3 Qxa2 19. Qd3 exd6 20. Kd2 Nc5 21. Bxc5 Rxc5 22. Ra1 Qd5 23. Qxd5 Rxd5+ 24. Ke3 Rc8 25. Rxa7 Rxc3+ 26. Ke4 Rb5 27. Rd1 Rb6 28. f5 Kf7 29. fxg6+ Kxg6 30. Ra2 Rb4+ 31. Rd4 d5+ 32. Ke5 Re3+ 33. Kf4 Rxd4+ 34. Kxe3 Rxg4 0-1

[Event "Summer Prague Open A 2020"]
[Site "Prague"]
[Date "2020.08.12"]
[Round "6.19"]
[White "Soural, Jan"]
[Black "Kanakova, Natalie"]
[Result "1/2-1/2"]
[ECO "A04"]
[WhiteElo "2234"]
[BlackElo "2162"]
[Annotator "ChessBase"]
[PlyCount "154"]
[EventDate "2020.08.08"]
[EventCountry "CZE"]
[SourceTitle "playchess.com"]
[Source "ChessBase"]
[SourceQuality "1"]
[TimeControl "40/5400+30:1800+30"]

1. Nf3 c5 2. c4 g6 3. Nc3 Bg7 4. e3 Nf6 5. d4 cxd4 6. exd4 d5 7. Be2 O-O 8. O-O dxc4 9. Bxc4 b6 10. Re1 Bb7 11. d5 Qc7 12. Qe2 Nbd7 13. Nb5 Qc5 14. Be3 Qc8 15. Rac1 a6 16. d6 axb5 17. Bxf7+ Rxf7 18. Rxc8+ Rxc8 19. Ng5 exd6 20. Nxf7 Kxf7 21. Qxb5 Bc6 22. Qb4 Bf8 23. Qh4 Bd5 24. Bd4 Bxa2 25. Bxf6 Nxf6 26. Qa4 Be6 27. Qa7+ Nd7 28. Qb7 Rc5 29. h3 Bg7 30. b4 Rd5 31. Rc1 Be5 32. g3 Ke7 33. Re1 Rd2 34. Qe4 Rd4 35. Qe2 Rxb4 36. Qd2 Rb2 37. Qh6 Nf8 38. Qg5+ Bf6 39. Qe3 Rb5 40. Qd3 Rc5 41. Qa6 Nd7 42. Qa8 Re5 43. Rc1 Ra5 44. Qe4 Rc5 45. Rd1 d5 46. Qe3 d4 47. Rxd4 Bxd4 48. Qxd4 Bd5 49. g4 Kd6 50. Qg7 Kc7 51. f4 b5 52. Qxh7 Be4 53. Qe7 Rc4 54. Qe6 Nc5 55. Qf6 Rc2 56. Qe7+ Kb6 57. Qd8+ Ka6 58. f5 gxf5 59. gxf5 Bxf5 60. Qa8+ Kb6 61. Qd8+ Kc6 62. Qe8+ Nd7 63. Qa8+ Kc5 64. Qa3+ Kd5 65. Qb3+ Ke5 66. Qxb5+ Kf4 67. Qa4+ Kg3 68. Qb3+ Kh4 69. Qf3 Kg5 70. h4+ Kf6 71. Qa3 Nc5 72. Qe3 Ne6 73. h5 Ng5 74. Qd4+ Ke6 75. Qe3+ Kf6 76. Qd4+ Ke6 77. Qe3+ Ne4 1/2-1/2

[Event "Summer Prague Open A 2020"]
[Site "Prague"]
[Date "2020.08.13"]
[Round "7.2"]
[White "Buchenau, Frank"]
[Black "Petr, Martin"]
[Result "0-1"]
[ECO "C15"]
[WhiteElo "2278"]
[BlackElo "2464"]
[Annotator "ChessBase"]
[PlyCount "70"]
[EventDate "2020.08.08"]
[EventCountry "CZE"]
[SourceTitle "playchess.com"]
[Source "ChessBase"]
[SourceQuality "1"]
[TimeControl "40/5400+30:1800+30"]

1. e4 e6 2. d4 d5 3. Nc3 Bb4 4. exd5 exd5 5. Bd3 c6 6. Nge2 Ne7 7. O-O Bg4 8. Bf4 O-O 9. Qd2 Bf5 10. Rae1 Bxd3 11. Qxd3 Ng6 12. Bg3 Nd7 13. a3 Be7 14. Nf4 Re8 15. Nxg6 hxg6 16. Nb1 Qb6 17. b4 a6 18. Re2 Bf6 19. c3 Qb5 20. Qxb5 axb5 21. Rfe1 Rxe2 22. Rxe2 Nb6 23. Bf4 Nc4 24. Bc1 b6 25. g4 Kf8 26. Kg2 Be7 27. h4 Bxh4 28. g5 Re8 29. Rxe8+ Kxe8 30. f4 Ke7 31. Kf3 Ke6 32. Kg4 Be1 33. Kf3 Kf5 34. Be3 Nxe3 35. Kxe3 Bg3 0-1

[Event "Summer Prague Open A 2020"]
[Site "Prague"]
[Date "2020.08.13"]
[Round "7.6"]
[White "Slampa, Jan"]
[Black "Cernousek, Lukas"]
[Result "0-1"]
[ECO "B85"]
[WhiteElo "2264"]
[BlackElo "2458"]
[Annotator "ChessBase"]
[PlyCount "60"]
[EventDate "2020.08.08"]
[EventCountry "CZE"]
[SourceTitle "playchess.com"]
[Source "ChessBase"]
[SourceQuality "1"]
[TimeControl "40/5400+30:1800+30"]

1. e4 c5 2. Nf3 d6 3. d4 Nf6 4. Nc3 cxd4 5. Nxd4 a6 6. Be2 Nbd7 7. O-O e6 8. f4 b5 9. a3 Bb7 10. Bf3 Qc7 11. Kh1 Be7 12. Qe1 Rb8 13. g4 h6 14. Bd2 g5 15. f5 e5 16. Nb3 Nb6 17. Rd1 Nc4 18. Bc1 h5 19. gxh5 g4 20. Bg2 Rxh5 21. Kg1 Qb6+ 22. Qf2 Bd8 23. Rfe1 Qxf2+ 24. Kxf2 Bb6+ 25. Kg3 Kd7 26. Rh1 Rg8 27. Nd5 Bxd5 28. exd5 Rxf5 29. h3 Bf2+ 30. Kh2 g3# 0-1

[Event "Summer Prague Open A 2020"]
[Site "Prague"]
[Date "2020.08.13"]
[Round "7.7"]
[White "Ludvik, Tomas"]
[Black "Simek, Petr"]
[Result "1/2-1/2"]
[ECO "D37"]
[WhiteElo "2202"]
[BlackElo "2344"]
[Annotator "ChessBase"]
[PlyCount "47"]
[EventDate "2020.08.08"]
[EventCountry "CZE"]
[SourceTitle "playchess.com"]
[Source "ChessBase"]
[SourceQuality "1"]
[TimeControl "40/5400+30:1800+30"]

1. d4 Nf6 2. c4 e6 3. Nf3 d5 4. Nc3 Nbd7 5. Bf4 dxc4 6. e3 Nd5 7. Bxc4 Nxf4 8. exf4 Nb6 9. Bb3 g6 10. O-O Bg7 11. Rc1 O-O 12. g3 Nd5 13. Qc2 c6 14. Rfd1 Qe7 15. Ne4 Rd8 16. Nc5 b6 17. Ne4 Bb7 18. Ne5 Rac8 19. a3 h6 20. Ba4 Rc7 21. b4 Rdc8 22. Qd2 Nf6 23. Nc3 a6 24. Bb3 1/2-1/2

[Event "Summer Prague Open A 2020"]
[Site "Prague"]
[Date "2020.08.13"]
[Round "7.8"]
[White "Defromont, Benjamin"]
[Black "Malassagne, Raphael"]
[Result "1-0"]
[ECO "B12"]
[WhiteElo "2236"]
[BlackElo "2305"]
[Annotator "ChessBase"]
[PlyCount "83"]
[EventDate "2020.08.08"]
[EventCountry "CZE"]
[SourceTitle "playchess.com"]
[Source "ChessBase"]
[SourceQuality "1"]
[TimeControl "40/5400+30:1800+30"]

1. e4 c6 2. d4 d5 3. e5 Na6 4. Nf3 g6 5. c3 Nc7 6. Bd3 Bg7 7. O-O Nh6 8. Re1 O-O 9. h3 f6 10. exf6 exf6 11. Bf4 Ne6 12. Bh2 f5 13. Be5 Bxe5 14. Nxe5 f4 15. Nd2 Nf5 16. Ndf3 Kg7 17. Qc2 Ng5 18. Nxg5 Qxg5 19. Nf3 Qf6 20. Re5 Nd6 21. Rae1 Bd7 22. b3 Rae8 23. c4 Be6 24. cxd5 Bxd5 25. Rxe8 Rxe8 26. Rxe8 Nxe8 27. Be4 Qd6 28. Bxd5 Qxd5 29. Qe2 Kf8 30. Qd2 Qe4 31. Ng5 Qf5 32. Qb4+ c5 33. dxc5 Qxg5 34. c6+ Kg7 35. cxb7 f3 36. g3 Qc1+ 37. Kh2 Qf1 38. Qe7+ Kh6 39. Qf8+ Ng7 40. Qf4+ g5 41. Qf6+ Kh5 42. g4+ 1-0

[Event "Summer Prague Open A 2020"]
[Site "Prague"]
[Date "2020.08.13"]
[Round "7.12"]
[White "Vokac, Marek"]
[Black "Post, Hugo"]
[Result "1-0"]
[ECO "E21"]
[WhiteElo "2362"]
[BlackElo "2203"]
[Annotator "ChessBase"]
[PlyCount "57"]
[EventDate "2020.08.08"]
[EventCountry "CZE"]
[SourceTitle "playchess.com"]
[Source "ChessBase"]
[SourceQuality "1"]
[TimeControl "40/5400+30:1800+30"]

1. d4 Nf6 2. c4 e6 3. Nf3 b6 4. Nc3 Bb7 5. Bg5 Be7 6. e3 O-O 7. Bd3 c5 8. dxc5 bxc5 9. O-O d6 10. Qe2 Nbd7 11. Rad1 Qb6 12. e4 Rab8 13. Rd2 Rfd8 14. Rfd1 Nf8 15. Bb1 Ng6 16. Nh4 Ne5 17. f4 Nc6 18. e5 dxe5 19. fxe5 Ne8 20. Bxe7 Nxe7 21. Rd7 Ng6 22. Bxg6 hxg6 23. Qf2 f5 24. Nxg6 Rxd7 25. Rxd7 Bc6 26. Ne7+ Kf8 27. Ncd5 Bxd5 28. Ng6+ Kg8 29. Qh4 1-0

[Event "Summer Prague Open A 2020"]
[Site "Prague"]
[Date "2020.08.13"]
[Round "7.13"]
[White "Kratochvil, Vit"]
[Black "Stinka, Jakub"]
[Result "1-0"]
[ECO "B57"]
[WhiteElo "2205"]
[BlackElo "2305"]
[Annotator "ChessBase"]
[PlyCount "75"]
[EventDate "2020.08.08"]
[EventCountry "CZE"]
[SourceTitle "playchess.com"]
[Source "ChessBase"]
[SourceQuality "1"]
[TimeControl "40/5400+30:1800+30"]

1. e4 c5 2. Nf3 Nc6 3. d4 cxd4 4. Nxd4 Nf6 5. Nc3 d6 6. Bc4 Qb6 7. Nxc6 bxc6 8. O-O g6 9. Bb3 Bg7 10. Be3 Qc7 11. f3 O-O 12. Qd2 Rd8 13. Rfd1 Ba6 14. Na4 Nd7 15. c4 Ne5 16. Rac1 c5 17. Nc3 Qb7 18. Nd5 e6 19. Nf4 Rab8 20. Ne2 Qc7 21. Bg5 f6 22. Be3 Rb4 23. Nf4 Kf7 24. Nd3 Nxd3 25. Qxd3 d5 26. exd5 exd5 27. cxd5 c4 28. d6 Qc6 29. Qd2 Qb5 30. a4 Qb7 31. Bc2 Rxb2 32. Qa5 Rd7 33. Be4 Qc8 34. Bd5+ Kf8 35. Be6 Qe8 36. Bxd7 Qxe3+ 37. Kh1 Qe2 38. Bh3 1-0

[Event "Summer Prague Open A 2020"]
[Site "Prague"]
[Date "2020.08.13"]
[Round "7.14"]
[White "Houska, Jiri"]
[Black "Pasti, Aron"]
[Result "1-0"]
[ECO "B48"]
[WhiteElo "2202"]
[BlackElo "2325"]
[Annotator "ChessBase"]
[PlyCount "53"]
[EventDate "2020.08.08"]
[EventCountry "CZE"]
[SourceTitle "playchess.com"]
[Source "ChessBase"]
[SourceQuality "1"]
[TimeControl "40/5400+30:1800+30"]

1. e4 c5 2. Nf3 e6 3. d4 cxd4 4. Nxd4 Nc6 5. Nc3 Qc7 6. Be3 a6 7. Bd3 Bb4 8. O-O Bxc3 9. bxc3 Nge7 10. f4 O-O 11. Qh5 g6 12. Qh6 f5 13. exf5 exf5 14. Nxc6 bxc6 15. Bd4 Rf7 16. Rae1 Bb7 17. Qg5 d6 18. Re6 c5 19. Rfe1 Nd5 20. Qh6 Ne7 21. Qg5 Nd5 22. Qh6 Ne7 23. Bf6 Qc6 24. Bf1 Nd5 25. Be5 Re8 26. Rxg6+ hxg6 27. Qh8# 1-0

[Event "Summer Prague Open A 2020"]
[Site "Prague"]
[Date "2020.08.13"]
[Round "7.15"]
[White "Froeyman, Helmut"]
[Black "Richter, Philipp"]
[Result "0-1"]
[ECO "C18"]
[WhiteElo "2281"]
[BlackElo "2127"]
[Annotator "ChessBase"]
[PlyCount "57"]
[EventDate "2020.08.08"]
[EventCountry "CZE"]
[SourceTitle "playchess.com"]
[Source "ChessBase"]
[SourceQuality "1"]
[TimeControl "40/5400+30:1800+30"]

1. e4 e6 2. d4 d5 3. Nc3 Bb4 4. e5 Ne7 5. a3 Bxc3+ 6. bxc3 c5 7. Qg4 Qc7 8. Qxg7 Rg8 9. Qxh7 cxd4 10. Ne2 Nbc6 11. f4 dxc3 12. h4 b6 13. Nxc3 Nxe5 14. Nb5 Qb8 15. fxe5 Qxe5+ 16. Kd1 a6 17. Rb1 axb5 18. Bxb5+ Bd7 19. Bb2 Qg3 20. Bf1 Qg4+ 21. Be2 Qxg2 22. Rf1 Nf5 23. Rxf5 exf5 24. Bf6 f4 25. Rb3 Ra4 26. Bd3 Qg1+ 27. Kd2 Rg2+ 28. Kc3 Qa1+ 29. Rb2 0-1

[Event "Summer Prague Open A 2020"]
[Site "Prague"]
[Date "2020.08.13"]
[Round "7.16"]
[White "Csiki, Endre"]
[Black "Iolis, Oleg"]
[Result "1/2-1/2"]
[ECO "B51"]
[WhiteElo "2266"]
[BlackElo "2166"]
[Annotator "ChessBase"]
[PlyCount "53"]
[EventDate "2020.08.08"]
[EventCountry "CZE"]
[SourceTitle "playchess.com"]
[Source "ChessBase"]
[SourceQuality "1"]
[TimeControl "40/5400+30:1800+30"]

1. e4 c5 2. Nf3 d6 3. Bb5+ Nc6 4. O-O Bd7 5. Re1 Nf6 6. c3 a6 7. Bf1 Bg4 8. h3 Bxf3 9. Qxf3 g6 10. d3 Bg7 11. Be3 Rc8 12. Nd2 e5 13. g3 O-O 14. h4 Qd7 15. Nc4 Qe6 16. Nb6 Rcd8 17. Nd5 Ne7 18. Bh3 Qxh3 19. Nxe7+ Kh8 20. Bg5 Ng4 21. Qg2 Qxg2+ 22. Kxg2 f6 23. Bd2 Bh6 24. Bxh6 Nxh6 25. a4 f5 26. Nd5 Rf7 27. Re2 1/2-1/2

[Event "Summer Prague Open A 2020"]
[Site "Prague"]
[Date "2020.08.13"]
[Round "7.17"]
[White "Haack, Kevin"]
[Black "Cap, Adam"]
[Result "1-0"]
[ECO "A14"]
[WhiteElo "2180"]
[BlackElo "2278"]
[Annotator "ChessBase"]
[PlyCount "93"]
[EventDate "2020.08.08"]
[EventCountry "CZE"]
[SourceTitle "playchess.com"]
[Source "ChessBase"]
[SourceQuality "1"]
[TimeControl "40/5400+30:1800+30"]

1. c4 e6 2. Nf3 d5 3. g3 Nf6 4. Bg2 Be7 5. O-O O-O 6. d4 dxc4 7. Ne5 Nc6 8. Bxc6 bxc6 9. Nxc6 Qd6 10. Nxe7+ Qxe7 11. Qa4 e5 12. dxe5 Qxe5 13. Qxc4 Be6 14. Qd3 Rad8 15. Qe3 Qh5 16. f3 Bh3 17. Re1 Rfe8 18. Qf2 Nd5 19. Bd2 Re6 20. e4 Nb6 21. b3 Rd3 22. Re3 Red6 23. Qe2 Qe5 24. Qxd3 Rxd3 25. Rxd3 f5 26. Nc3 fxe4 27. Re1 Qc5+ 28. Be3 Qb4 29. fxe4 h6 30. Bf2 Nd7 31. Nd5 Qb5 32. Nf4 Bg4 33. h3 Be6 34. Red1 Nc5 35. Rd5 Bxd5 36. Rxd5 Qb4 37. Rxc5 Qxe4 38. Rc1 g5 39. Ng2 a5 40. Be3 Qe5 41. Kh2 Qb2 42. Rxc7 Qxa2 43. Ra7 Qxb3 44. Rxa5 Kh7 45. Ra6 Qd3 46. Rb6 Qe4 47. h4 1-0

[Event "Summer Prague Open A 2020"]
[Site "Prague"]
[Date "2020.08.13"]
[Round "7.18"]
[White "Kanakova, Natalie"]
[Black "Brejnik, Gustav"]
[Result "0-1"]
[ECO "A11"]
[WhiteElo "2162"]
[BlackElo "2265"]
[Annotator "ChessBase"]
[PlyCount "90"]
[EventDate "2020.08.08"]
[EventCountry "CZE"]
[SourceTitle "playchess.com"]
[Source "ChessBase"]
[SourceQuality "1"]
[TimeControl "40/5400+30:1800+30"]

1. c4 c6 2. Nf3 d5 3. e3 Nf6 4. Nc3 e6 5. b3 Bd6 6. Bb2 O-O 7. Be2 b6 8. O-O Bb7 9. d4 Nbd7 10. Qc2 c5 11. cxd5 exd5 12. Rfd1 Rc8 13. Rac1 Bb8 14. Bf1 Qe7 15. Ba3 Rfd8 16. Qe2 Qe6 17. dxc5 bxc5 18. Na4 Ne4 19. Qb5 Bc6 20. Qa6 Qh6 21. h3 Qd6 22. Bd3 Qe7 23. Bb1 Ba8 24. Qd3 Rc6 25. Nc3 Ndf6 26. Bb2 Nxc3 27. Qxc3 d4 28. Qd3 Re6 29. Ng5 Re5 30. Nxh7 Ne4 31. exd4 Kxh7 32. f3 cxd4 33. Bxd4 Re6 34. fxe4 Bxe4 35. Qc3 Qd6 36. g3 Bxb1 37. Rxb1 Re4 38. Qc2 Qxg3+ 39. Kf1 Qxh3+ 40. Kg1 Rdxd4 41. Rxd4 Qe3+ 42. Kg2 Qxd4 43. Rh1+ Kg6 44. Re1 f5 45. Qc6+ Bd6 0-1

[Event "Summer Prague Open A 2020"]
[Site "Prague"]
[Date "2020.08.13"]
[Round "7.19"]
[White "Sprenar, Petr"]
[Black "Babula, Milan"]
[Result "1/2-1/2"]
[ECO "A04"]
[WhiteElo "2257"]
[BlackElo "2160"]
[Annotator "RC"]
[PlyCount "123"]
[EventDate "2020.08.08"]
[EventCountry "CZE"]
[SourceTitle "playchess.com"]
[Source "ChessBase"]
[SourceQuality "1"]
[TimeControl "40/5400+30:1800+30"]

1. Nf3 f5 2. g3 Nf6 3. Bg2 d6 4. d3 e5 5. O-O Be7 6. e4 O-O 7. exf5 Bxf5 8. c3 Kh8 9. Nh4 Bc8 10. c4 Nc6 11. Nf3 Bf5 12. Nc3 Qe8 13. h3 Qh5 14. Nh4 Qxd1 15. Rxd1 Be6 16. Be3 a6 17. a3 Ng8 18. Nd5 Bxh4 19. Nxc7 Be7 20. Nxe6 Rf6 21. Nc7 Rc8 22. Nd5 Rf7 23. b4 Nd4 24. Bxd4 exd4 25. Nxe7 Rxe7 26. Re1 Rce8 27. Kf1 Nf6 28. Rxe7 Rxe7 29. Re1 Rxe1+ 30. Kxe1 b6 31. Ke2 g5 32. Bb7 a5 33. bxa5 bxa5 34. Bc6 Kg7 35. Kd2 Kf8 36. Kc2 Ke7 37. Kb3 Kd8 38. Ka4 Kc7 39. Kb5 a4 40. Bg2 Nd7 41. Be4 h6 42. Kxa4 Nc5+ 43. Kb4 Kb6 44. Bf5 Na6+ 45. Kb3 Nc5+ 46. Kc2 Kc6 47. f4 gxf4 48. gxf4 Kc7 49. Kd2 Kd8 50. Ke2 Ke7 51. Be4 Kd7 52. Bd5 Kc7 53. Kd2 Kd7 54. f5 Ke7 55. Ke2 Kf6 56. Be4 Ke5 57. Kf3 Na4 58. Bc6 Nc5 59. a4 Nxd3 60. a5 Nb4 61. Bb7 d5 62. cxd5 1/2-1/2

[Event "Summer Prague Open A 2020"]
[Site "Prague"]
[Date "2020.08.14"]
[Round "8.1"]
[White "Plat, Vojtech"]
[Black "Petr, Martin"]
[Result "1/2-1/2"]
[ECO "D31"]
[WhiteElo "2555"]
[BlackElo "2455"]
[Annotator "ChessBase"]
[PlyCount "30"]
[EventDate "2020.08.08"]
[EventCountry "CZE"]
[SourceTitle "playchess.com"]
[Source "ChessBase"]
[SourceQuality "1"]
[TimeControl "40/5400+30:1800+30"]

1. d4 d5 2. c4 e6 3. Nc3 Be7 4. Nf3 Nf6 5. g3 O-O 6. Bg2 dxc4 7. O-O Nc6 8. e3 Nd5 9. Nd2 Nb6 10. Na4 Na5 11. Nc5 e5 12. b4 cxb3 13. axb3 Nc6 14. Bb2 exd4 15. exd4 Nd5 1/2-1/2

[Event "Summer Prague Open A 2020"]
[Site "Prague"]
[Date "2020.08.14"]
[Round "8.3"]
[White "Cernousek, Lukas"]
[Black "Mladek, Richard"]
[Result "1-0"]
[ECO "D71"]
[WhiteElo "2460"]
[BlackElo "2280"]
[Annotator "ChessBase"]
[PlyCount "88"]
[EventDate "2020.08.08"]
[EventCountry "CZE"]
[SourceTitle "playchess.com"]
[Source "ChessBase"]
[SourceQuality "1"]
[TimeControl "40/5400+30:1800+30"]

1. d4 Nf6 2. c4 g6 3. g3 c6 4. Bg2 d5 5. Qa4 Nfd7 6. cxd5 Nb6 7. Qd1 cxd5 8. e3 Bg7 9. Ne2 O-O 10. O-O Nc6 11. Nbc3 e6 12. b3 Qe7 13. a4 a5 14. Ba3 Qf6 15. Bxf8 Bxf8 16. Nf4 Bd7 17. Nd3 Nb4 18. Qd2 Rd8 19. Rfc1 Qf5 20. Nxb4 Bxb4 21. Bf1 Nc8 22. Qc2 Qf6 23. Bb5 Nd6 24. Bxd7 Rxd7 25. Qe2 Kg7 26. Kg2 h5 27. Rc2 Nf5 28. Nb5 e5 29. dxe5 Qxe5 30. Rac1 h4 31. Qf3 d4 32. exd4 Rxd4 33. Re2 Qb8 34. Nxd4 Nxd4 35. Qd3 Nxe2 36. Qxe2 b6 37. Qe4 hxg3 38. Qd4+ Kg8 39. hxg3 Qa8+ 40. Kg1 Bc5 41. Qf6 Qb8 42. Kh2 Qc7 43. Rc4 Qe7 44. Qxe7 Bxe7 1-0